 Dungeon Crawl Stone Soup version 0.29.1-12-g30fa7ad0bf (webtiles) character file.

Game seed: 3088262782922621438

32 ThatPearl the Trooper (level 3, -1/29 HPs)
             Began as a Demonspawn Berserker on Jan 11, 2023.
             Was a Follower of Trog.
             Slain by a hobgoblin (3 damage)
             ... on level 2 of the Dungeon.
             The game lasted 00:01:52 (941 turns).

ThatPearl the Trooper (Demonspawn Berserker)         Turns: 941, Time: 00:01:52

Health: -1/29      AC: 10    Str: 19    XL:     3   Next: 8%
Magic:  3/3        EV:  7    Int:  8    God:    Trog [*.....]
Gold:   47         SH:  0    Dex: 12    Spells: 2/2 levels left

rFire   . . .      SeeInvis .   a - +0 hand axe
rCold   . . .      Faith    .   (no shield)
rNeg    . . .      Spirit   .   f - +0 chain mail
rPois   .          Reflect  .   (no helmet)
rElec   .          Harm     .   (no cloak)
rCorr   .          Rampage  .   (no gloves)
Will    .....                   (no boots)
Stlth   ..........              (no amulet)
HPRegen 0.09/turn               (no ring)
MPRegen 0.08/turn               (no ring)

@: on berserk cooldown
A: thin metallic scales 1
a: Renounce Religion, Berserk


You were on level 2 of the Dungeon.
You worshipped Trog.
Trog was aware of your devotion.
You visited 1 branch of the dungeon, and saw 2 of its levels.

You collected 47 gold pieces.

Inventory:

Hand Weapons
 a - a +0 hand axe (weapon)
Armour
 b - a +0 animal skin
 f - a +0 chain mail (worn)
 g - a +0 ring mail
Scrolls
 d - 5 scrolls of identify {unknown}
 h - a scroll of butterflies {unknown}
Potions
 c - a potion of resistance {unknown}
 e - a potion of heal wounds {unknown}


   Skills:
 + Level 3.5 Fighting
 + Level 3.2 Axes
 + Level 2.0 Armour
 - Level 1.7 Dodging


You had 2 spell levels left.
You didn't know any spells.
Your spell library was empty.

Dungeon Overview and Level Annotations

Branches:
Dungeon (1/15)

Altars:


Innate Abilities, Weirdness & Mutations

You are partially covered in thin metallic scales. (AC +2)


Message History

The worm bites you.
You hit the worm.
The worm is moderately wounded.
The worm closely misses you.
You hit the worm.
The worm is heavily wounded.
The worm bites you but does no damage.
You hit the worm but do no damage.
The worm is moderately wounded.
The worm bites you but does no damage.
You hit the worm.
The worm is severely wounded.
The worm closely misses you.
You hit the worm.
The worm is severely wounded.
The worm bites you but does no damage.
You barely miss the worm.
The worm is severely wounded.
The worm bites you.
* * * LOW HITPOINT WARNING * * *
You hit the worm but do no damage.
The worm is heavily wounded.
The worm bites you!
* * * LOW HITPOINT WARNING * * *
Found a ring mail.
You feel yourself speed up.
An iguana comes into view.
The iguana moves out of view.
A hobgoblin comes into view.
The hobgoblin shouts!
A hobgoblin comes into view.
The hobgoblin shouts!
A goblin comes into view. It is wielding a +0 club.
Found an escape hatch in the ceiling.
Found 11 gold pieces.
The hobgoblin hits you but does no damage.
The goblin attacks as you move away! The goblin hits you with a +0 club.
* * * LOW HITPOINT WARNING * * *
The hobgoblin attacks as you move away! The hobgoblin hits you.
You die...

#. ........ #<##.
...... ..... .....
$....# #..#
......#########g.####.#
.............l........#
##.....######w.#.##.
##.gg...# #..#
#.#@##..# #..# # #.#
#..##w.# #.. #.##..# #
##.# #.###.#.#
..##.###.#.## ....
............+
.....#####.....#.##
.#.#....##........#
...#....##........#


You could see a hobgoblin and a goblin.

Vanquished Creatures
  An adder (D:2)
  3 endoplasms
  2 hobgoblins (D:1)
  7 jackals (D:1)
  2 frilled lizards (D:1)
  2 kobolds (D:1)
  4 rats (D:1)
21 creatures vanquished.

Notes
Turn   | Place    | Note
-------+----------+-------------------------------------------
     0 | D:1      | ThatPearl the Demonspawn Berserker began the quest for the
                  | Orb.
     0 | D:1      | Reached XP level 1. HP: 18/18 MP: 1/1
   142 | D:1      | Gained mutation: You are partially covered in thin metallic
                  | scales. (AC +2) [demonic ancestry]
   142 | D:1      | Reached XP level 2. HP: 5/24 MP: 2/2
   795 | D:1      | You fall into a shaft and drop 1 floor!
   891 | D:2      | Reached XP level 3. HP: 26/29 MP: 3/3
   916 | D:2      | HP: 1/29 [worm (7)]
   941 | D:2      | Slain by a hobgoblin

Illustrated notes

Levels and vault maps discovered:
D:1:      sevenhm_arrival_forest_fort_large_4, layout_basic,
          shapermc_ecumenical_altar_starsandcircs
D:2:      layout_basic, minivault_27, minmay_misc_feat_enclosed,
          minmay_liquid_box

Skill      XL: |  1  2 |
---------------+-------+-----
Axes           | 3 |  3.2
Armour         | 2 |  2.0
Fighting       | |  3.5
Dodging        | |  1.7

Action                   || total
-------------------------++-------
Melee: Hand axe          ||    71
Invok: Berserk           ||     1
Armor: Animal skin       ||     8
       Chain mail        ||    24
Dodge: Dodged            ||    24
